 Dungeon Crawl Stone Soup version 0.25-a0-253-g6f1b5d974a (webtiles) character file.

Game seed: 17612116806025385023, levelgen mode: deterministic

18 Lanoc the Chiller (level 2, 0/23 HPs)
             Began as a Barachi Wanderer on Dec 5, 2019.
             Slain by a leopard gecko (3 damage)
             ... on level 2 of the Dungeon on Dec 6, 2019.
             The game lasted 00:02:15 (598 turns).

Lanoc the Chiller (Barachi Wanderer)                 Turns: 598, Time: 00:02:16

Health: 0/23       AC:  2    Str: 13    XL:     2   Next: 70%
Magic:  0/5        EV: 11    Int: 12    God:
Gold:   36         SH:  0    Dex: 11    Spells: 4/5 levels left

rFire    . . .     SeeInvis .   a - +0 short sword
rCold    . . .     Gourm    .   (no shield)
rNeg     . . .     Faith    .   d - +0 robe
rPois    .         Spirit   .   (no helmet)
rElec    .         Reflect  .   (no cloak)
rCorr    .         Harm     .   (no gloves)
MR       .....                  (no boots)
Stlth    +.........             (no amulet)
HPRegen  0.07/turn              (no ring)
MPRegen  0.09/turn              (no ring)

@: can't hop, slow
A: +LOS, swims, slowness 1, strong legs 1
a: Hop


You were on level 2 of the Dungeon.
You were not hungry.

You visited 1 branch of the dungeon, and saw 2 of its levels.

You collected 36 gold pieces.

Inventory:

Hand Weapons
 a - a +0 short sword (weapon)
Armour
 d - a +0 robe (worn)
Scrolls
 b - a scroll of enchant weapon {unknown}
 c - a scroll of teleportation
 h - a scroll of identify {unknown}
Potions
 e - a potion of brilliance {unknown}
Comestibles
 f - a ration
 g - a chunk of flesh


   Skills:
 + Level 2.4 Fighting
 - Level 2.1 Short Blades
 - Level 1.0 Throwing
   Level 1.1 Shields
 - Level 2.1 Spellcasting
   Level 1.0 Necromancy
 + Level 3.2 Ice Magic


You had 4 spell levels left.
You knew the following spells:

 Your Spells              Type           Power        Failure   Level  Hunger
a - Freeze                Ice            #...         7%          1    ##.....

Your spell library contained the following spells:

 Spells                   Type           Power        Failure   Level  Hunger
 Ozocubu's Armour         Chrm/Ice       #.......     38%         3    ####...
 Hailstorm                Conj/Ice       #.......     80%         4    #####..
 Summon Ice Beast         Ice/Summ       #.......     80%         4    #####..


Dungeon Overview and Level Annotations

Branches:
Dungeon (2/15)

Altars:


Innate Abilities, Weirdness & Mutations

You can be seen from farther away. (+LOS)
You can swim through water.
You cover ground slowly.
You can hop short distances.


Message History

You kill the goblin!
You climb downwards.
A bat comes into view.
Found a scroll labeled XEONEE JYXUJ and 10 arrows.
There is a stone staircase leading up here.
A leopard gecko comes into view.
A leopard gecko is nearby!
A bat comes into view.
The leopard gecko bites you.
* * * LOW HITPOINT WARNING * * *
Found 2 scrolls labeled XEONEE JYXUJ and a ring mail.
Casting: Freeze (safe; 7% risk of failure)
Confirm with . or Enter, or press ? or * to list all spells.
Aiming: Freeze (safe; 7% risk of failure)
Press: ? - help, Shift-Dir - straight line, f - leopard gecko
Aim: a leopard gecko You freeze the leopard gecko.
The leopard gecko is almost dead.
The leopard gecko barely misses you. The leopard gecko bites you.
You die...

#### ....# ....#
..... [b. ... ..
###.### ....
+l....+ .b
......#@#####..(..
?..?......<........
#.######.#.#####.##
#...# #####


You could see a leopard gecko and a bat.

Vanquished Creatures
  A leopard gecko (D:1)
  4 bats (D:1)
  A giant cockroach (D:1)
  3 goblins (D:1)
  3 hobgoblins (D:1)
  3 kobolds (D:1)
15 creatures vanquished.

Notes
Turn   | Place    | Note
-------+----------+-------------------------------------------
     0 | D:1      | Lanoc the Barachi Wanderer began the quest for the Orb.
     0 | D:1      | Lanoc set off with the following items: a +0 short sword, a
                  | scroll of teleportation, a +0 robe, a ration; and the
                  | following spell memorised: Freeze; and the following spells
                  | available to memorise: Ozocubu's Armour, Hailstorm, Summon
                  | Ice Beast
     0 | D:1      | Reached XP level 1. HP: 15/15 MP: 3/3
   304 | D:1      | Reached XP level 2. HP: 13/22 MP: 0/5
   312 | D:1      | Reached skill level 3 in Ice Magic
   598 | D:2      | Slain by a leopard gecko

Levels and vault maps discovered:
D:1:      sevenhm_arrival_forest_fort_large_2, layout_rooms
D:2:      minmay_door_path, layout_basic

Skill      XL: |  1  2 |
---------------+-------+-----
Fighting       | 2 |  2.4
Ice Magic      | 3 |  3.2
Short Blades   | |  2.1
Throwing       | |  1.0
Shields        | |  1.1
Spellcasting   | |  2.1
Necromancy     | |  1.0

Action                   || total
-------------------------++-------
Melee: Short sword       ||    14
 Cast: Freeze            ||    21
 Abil: Hop               ||     2
Armor: Robe              ||     8
Dodge: Dodged            ||    30

Table legend:
 A = Non-vault XP
 B = Vault XP
 C = Vault XP percentage of total XP
 D = Non-vault monster count
 E = Vault monster count
 F = Vault count percentage of total count
                 A         B        C        D         E       F
            +---------+---------+-------+---------+---------+-------
      Total |      27 |       0 |   0.0 |      15 |       0 |   0.0
            +---------+---------+-------+---------+---------+-------
        D:1 |      27 |       0 |   0.0 |      15 |       0 |   0.0
            +---------+---------+-------+---------+---------+-------
